 Dungeon Crawl Stone Soup version 0.31-a0-880-g9a209b2425 (webtiles) character file.

Game seed: 9679084259369368430

183 JackS81 the Ruffian (level 5, -2/44 HPs)
             Began as a Naga Shapeshifter on Oct 15, 2023.
             Killed by nerve-wracking pain
             ... invoked by Grinder
              (12 damage)
             ... on level 3 of the Dungeon.
             The game lasted 00:06:48 (2035 turns).

JackS81 the Ruffian (Naga Shapeshifter)             Turns: 2035, Time: 00:06:48

Health: -2/44      AC:  5    Str: 18    XL:     5   Next: 62%
Magic:  4/4        EV:  8    Int: 10    God:
Gold:   168        SH:  0    Dex: 11    Spells: 4/4 levels left

rFire   . .          .
                       - Unarmed
rCold   + . .        (no shield)
rNeg    . . .        m - +1 ring mail {rF+}
rPois   +            (helmet currently unavailable)
rElec   .            (cloak currently unavailable)
rCorr   .            (gloves currently unavailable)
SInv    +            (no barding)
Will    .....        (no amulet)
Stlth   +            p - ring of ice
HPRegen 0.27/turn    (no ring)
MPRegen 0.09/turn

%: clarity
@: mighty, beast-form, very slow
A: beast (slay +2), AC +1, large, see invisible, deformed body, poison
resistance, slowness 2, spit poison 1, naga tail 1, clarity, low MP 1, screaming
1, teleportitis 1, inability to drink after injury 1
a: Spit Poison, Begin Untransformation


You were on level 3 of the Dungeon.
You were a hulking beast.
You visited 1 branch of the dungeon, and saw 3 of its levels.

You collected 168 gold pieces.

Inventory:

Hand Weapons
 o - a +2 dagger of venom
Armour
 a - a +0 animal skin
 l - a +0 plate armour
 m - a +1 ring mail of fire resistance (worn)
Jewellery
 p - a ring of ice (left hand)
Talismans
 c - a beast talisman (active)
 d - a flux talisman
Wands
 b - a wand of iceblast (9)
Scrolls
 f - a scroll of enchant weapon {unknown}
 g - a scroll of amnesia {unknown}
 i - 2 scrolls of fog {unknown}
 q - a scroll of teleportation {unknown}
Potions
 j - a potion of enlightenment {unknown}
 k - a potion of attraction {unknown}
 n - a potion of degeneration {unknown}


   Skills:
 - Level 1.0 Fighting
 * Level 1.0 Armour
 - Level 1.5 Dodging
 + Level 0.5 Stealth
 * Level 5.3 Unarmed Combat
 * Level 3.7 Shapeshifting


You had 4 spell levels left.
You didn't know any spells.
Your spell library was empty.

Dungeon Overview and Level Annotations

Branches:
Dungeon (3/15)

Altars:
Dithmenos

Annotations:
D:3 Grinder


Innate Abilities, Weirdness & Mutations

You are a hulking beast.
Your limbs bulge with bestial killing power. (Slay +2)
Your serpentine skin is tough. (AC +1)
You have supernaturally acute eyesight. (SInv)
Armour fits poorly on your strangely shaped body.
Your system is resistant to poisons. (rPois)
You cover ground very slowly.
You can spit poison.
You have a snake-like lower body.
You possess an exceptional clarity of mind.
Your magical capacity is low. (-10% MP)
You occasionally shout uncontrollably at your foes.
You are occasionally teleported next to monsters.
You occasionally lose the ability to drink potions when taking damage.


Message History

Grinder is heavily wounded.
Grinder blinks!
A goblin comes into view. It is wielding a +0 dagger.
The goblin shouts!
You hear an angry hiss.
An adder comes into view.
A ball python comes into view.
Grinder hits you.
You writhe in agony.
Grinder hits you.
The ball python moves out of view.
You closely miss Grinder.
Grinder is heavily wounded.
Grinder gestures at you.
You suddenly lose the ability to move!
Grinder hits you.
You writhe in agony.
Grinder hits you.
* * * LOW HITPOINT WARNING * * *
You writhe in agony.
* * * LOW HITPOINT WARNING * * *
You can move again.
You barely miss Grinder.
Grinder is heavily wounded.
Grinder barely misses you.
You punch Grinder! Your punch misses Grinder.
Grinder is severely wounded.
Grinder blinks!
You feel extremely strange.
You feel stupid.
You feel robust.
You feel less energetic.
You occasionally lose the ability to drink potions when taking damage.
Your thoughts seem clearer.
Okay, then.
It was a potion of might.
You feel very mighty all of a sudden. The goblin barely misses you.
You punch the goblin!
You kill the goblin!
You pummel the adder!!
You kill the adder!
Grinder gestures at you. Pain shoots through your body!
You die...
Grinder says, "Now the real fun starts!"

#.# #§...§ #.#
##§§..§§ #.#
.#§§§...§ #.#
......... #.#
......_.. #.#
......... #5#
#§...... #)#
#§..... #h#
##.§... #.# ##...#
#.# #.... #.#
##### #.# ## #.#
...
################.#
###
.................#
..
##################
#####


You could see Grinder.

Vanquished Creatures
  An ogre (D:3)
  Ijyb (D:3)
  2 adders
  5 orcs (D:3)
  3 ball pythons
  7 bats
  6 endoplasms
  A giant cockroach (D:3)
  7 goblins
  3 hobgoblins
  4 jackals (D:3)
  4 kobolds
  5 quokkas
  3 frilled lizards (D:1)
  3 rats
55 creatures vanquished.

Notes
Turn   | Place    | Note
-------+----------+-------------------------------------------
     0 | D:1      | JackS81 the Naga Shapeshifter began the quest for the Orb.
     0 | D:1      | Reached XP level 1. HP: 18/18 MP: 1/1
   188 | D:1      | Reached XP level 2. HP: 25/25 MP: 2/2
   509 | D:1      | Reached XP level 3. HP: 31/31 MP: 3/3
  1203 | D:2      | Reached skill level 4 in Unarmed Combat
  1657 | D:3      | Reached XP level 4. HP: 9/38 MP: 4/4
  1665 | D:3      | Gained mutation: You are occasionally teleported next to
                  | monsters. [potion of mutation]
  1665 | D:3      | Gained mutation: You have hidden genetic defects. [potion
                  | of mutation]
  1665 | D:3      | Gained mutation: Your mind is acute. (Int +4, Str/Dex -1)
                  | [potion of mutation]
  1681 | D:3      | Found a shadowy altar of Dithmenos.
  1701 | D:3      | Noticed Ijyb
  1721 | D:3      | Killed Ijyb
  1737 | D:3      | Gained mutation: You occasionally shout uncontrollably at
                  | your foes. [hidden defects]
  1901 | D:3      | Noticed an ogre
  1908 | D:3      | Killed an ogre
  1909 | D:3      | Reached skill level 1 in Armour
  1909 | D:3      | Reached skill level 5 in Unarmed Combat
  1909 | D:3      | Reached XP level 5. HP: 23/44 MP: 5/5
  1925 | D:3      | Gained mutation: You are frail. (-10% HP) [hidden defects]
  1925 | D:3      | Lost mutation: You have hidden genetic defects. [hidden
                  | defects expressed]
  2018 | D:3      | Noticed Grinder
  2026 | D:3      | Paralysed by Grinder for 2 turns
  2032 | D:3      | Lost mutation: Your mind is acute. (Int +4, Str/Dex -1)
                  | [potion of mutation]
  2032 | D:3      | Lost mutation: You are frail. (-10% HP) [potion of
                  | mutation]
  2032 | D:3      | Gained mutation: Your magical capacity is low. (-10% MP)
                  | [potion of mutation]
  2032 | D:3      | Gained mutation: You occasionally lose the ability to drink
                  | potions when taking damage. [potion of mutation]
  2032 | D:3      | Gained mutation: You possess an exceptional clarity of
                  | mind. [potion of mutation]
  2035 | D:3      | Killed from afar by Grinder

Illustrated notes

Levels and vault maps discovered:
D:1:      saegor_arrival_miasma, layout_loops_ring
D:2:      layout_basic, serial_rivers, chequers_serial_rivers_large_a,
          chequers_serial_rivers_micro_e, chequers_serial_rivers_room_b,
          chequers_serial_rivers_small_a, chequers_serial_rivers_room_a,
          chequers_serial_rivers_marsh
D:3:      layout_basic, okawaru_altar_gauntlet_db,
          nicolae_dithmenos_the_darkroom, basic_ecumenical_altar, uniq_grinder,
          uniq_ijyb, uniq_robin

Skill      XL: |  1  2  3  4 |
---------------+-------------+-----
Unarmed Combat | 4 5 |  5.3
Armour         | 1 |  1.0
Fighting       | |  1.0
Dodging        | |  1.5
Stealth        | |  0.5
Shapeshifting  | |  3.7

Action                     |  1- 3 |  4- 6 || total
---------------------------+-------+-------++-------
  Melee: Unarmed           |    96 |    44 ||   140
         Punch             |     3 |     2 ||     5
Ability: Spit Poison       |       |     2 ||     2
  Evoke: Wand              |       |     2 ||     2
    Use: Potion            |       |     5 ||     5
   Stab: Sleeping          |     2 |       ||     2
 Armour: Animal skin       |    38 |       ||    38
         Ring mail         |    24 |    18 ||    42
         Plate armour      |    11 |       ||    11
         Skin              |       |     8 ||     8
  Dodge: Dodged            |    28 |    10 ||    38

Table legend: (Time is in decaauts)
 A = Elapsed time spent in this place.
 B = Non-inter-level travel time spent in this place.
 C = Inter-level travel time spent in this place.
 D = Time resting spent in this place.
 E = Time spent auto-exploring this place.
 F = Levels seen in this place.
 G = Mean time per level.
                   A        B        C        D        E       F      G
               +--------+--------+--------+--------+--------+-----+--------+
         Total |   2585 |   2525 |     60 |    120 |   1956 |   3 |  861.7 |
       Dungeon |   2585 |   2525 |     60 |    120 |   1956 |   3 |  861.7 |
               +--------+--------+--------+--------+--------+-----+--------+

Top non-repeatable levels by time:
     D:2: 1100 daAuts
     D:1: 1041 daAuts
     D:3: 444 daAuts
